 Dungeon Crawl Stone Soup version 0.31-a0-716-gc7603755dd (webtiles) character file.

Game seed: 12918385056580340469

38 Shayle the Changeling (level 3, -6/36 HPs)
             Began as an Ogre Shapeshifter on Sept 11, 2023.
             Mangled by a gnoll
             ... wielding a +0 halberd
              (13 damage)
             ... on level 2 of the Dungeon.
             The game lasted 00:03:34 (1113 turns).

Shayle the Changeling (Ogre Shapeshifter)           Turns: 1113, Time: 00:03:34

Health: -6/36      AC:  3    Str: 18    XL:     3   Next: 43%
Magic:  5/5        EV:  9    Int: 13    God:
Gold:   86         SH:  0    Dex:  8    Spells: 5/5 levels left

rFire   . .          .
                       - Unarmed
rCold   + . .        (no shield)
rNeg    . . .        a - +0 animal skin
rPois   .            (helmet currently unavailable)
rElec   .            (cloak currently unavailable)
rCorr   .            (gloves unavailable)
SInv    .            (boots unavailable)
Will    .....        (no amulet)
Stlth   +            q - ring of protection from cold
HPRegen 0.26/turn    (no ring)
MPRegen 0.09/turn

%: no passive effects
@: beast-form
A: beast (slay +1), large, unfitting armour, tough skin 1
a: Begin Untransformation


You were on level 2 of the Dungeon.
You were a hulking beast.
You visited 1 branch of the dungeon, and saw 2 of its levels.

You collected 86 gold pieces.

Inventory:

Hand Weapons
 j - a +2 spear of flaming
Missiles
 s - 6 javelins
Armour
 a - a +0 animal skin (worn)
Jewellery
 k - a ring of ice
 q - a ring of protection from cold (left hand)
Talismans
 c - a beast talisman (active)
 d - a flux talisman
Scrolls
 e - 3 scrolls of teleportation {unknown}
 f - a scroll of blinking {unknown}
 h - 6 scrolls of identify {unknown}
 m - a scroll of enchant weapon {unknown}
 o - a scroll of amnesia {unknown}
 r - a scroll of revelation {unknown}
Potions
 b - a potion of lignification
 g - a potion of mutation {unknown}
 i - a potion of degeneration {unknown}
 l - a potion of invisibility {unknown}
 n - a potion of enlightenment {unknown}
 p - a potion of magic


   Skills:
 + Level 2.7 Fighting
 - Level 1.7 Dodging
 - Level 2.6 Unarmed Combat
 + Level 1.6 Spellcasting
 + Level 3.4 Shapeshifting


You had 5 spell levels left.
You didn't know any spells.
Your spell library was empty.

Dungeon Overview and Level Annotations

Branches:
Dungeon (2/15)

Altars:


Innate Abilities, Weirdness & Mutations

You are a hulking beast.
Your limbs bulge with bestial killing power. (Slay +1)
You are too large for most types of armour.
You have tough skin. (AC +1)


Message History

a +0 club; a goblin corpse
Things that are here:
a +0 club; a goblin corpse You now have 72 gold pieces (gained 15).
You see here 6 javelins.
s - 6 javelins
Things that are here:
a +0 club; a goblin corpse A hobgoblin comes into view.
The hobgoblin shouts!
A hobgoblin is nearby!
You hit the hobgoblin.
You kill the hobgoblin!
You see here a hobgoblin corpse.
You see here a hobgoblin corpse.
You now have 74 gold pieces (gained 2).
A ball python comes into view.
A ball python is nearby!
You hit the ball python.
You kill the ball python!
You see here a ball python corpse.
Found a pair of boots.
You now have 86 gold pieces (gained 12).
A gnoll comes into view. It is wielding a +0 halberd.
A gnoll comes into view. It is wielding a +0 spear.
The gnoll hits you from afar with a +0 halberd!
Unknown command.
The gnoll hits you with a +0 halberd.
You see here a scroll labelled YPHERY HETO.
You hit the gnoll.
The gnoll is lightly wounded.
The gnoll hits you with a +0 halberd!
You hit the gnoll.
The gnoll is lightly wounded.
The gnoll hits you with a +0 halberd.
* * * LOW HITPOINT WARNING * * *
Okay, then.
It was a potion of magic.
Magic courses through your body. The gnoll hits you with a +0 halberd!
You die...

#######.. ##.. ........#
#... #######.# #... .##
#.# #.. #.# #.# #.. ..#
##†# #..# #.## #...
...#..g#########..# #..#
.....g.h......#..## ##..
...##..###........###...
....[........#...#...#
####.........###.....##
##.###.#### ##._.## #.
#.# ## #.....## #. #.#
#.#...#...# .. #.#
(....###... ... .#..#
##..


You could see 2 gnolls.

Vanquished Creatures
  3 dart slugs (D:1)
  3 endoplasms
  A giant cockroach (D:1)
  2 goblins (D:2)
  5 hobgoblins
  3 kobolds
  2 quokkas (D:1)
  4 ball pythons
  3 bats
  3 frilled lizards (D:1)
  A rat (D:1)
30 creatures vanquished.

Notes
Turn   | Place    | Note
-------+----------+-------------------------------------------
     0 | D:1      | Shayle the Ogre Shapeshifter began the quest for the Orb.
     0 | D:1      | Reached XP level 1. HP: 19/19 MP: 1/1
   152 | D:1      | Reached XP level 2. HP: 19/28 MP: 1/3
   187 | D:1      | Reached skill level 1 in Spellcasting
   498 | D:1      | Reached XP level 3. HP: 36/36 MP: 5/5
   959 | D:2      | Found a faded altar of an unknown god.
  1113 | D:2      | Mangled by a gnoll

Illustrated notes

Levels and vault maps discovered:
D:1:      amcnicky_arrival_underground_garden, layout_basic,
          minmay_indecisive_spiral
D:2:      layout_loops_ring, nicolae_ecumenical_snake_handling,
          kennysheep_generic_room_16

Skill      XL: |  1  2 |
---------------+-------+-----
Fighting       | 2 |  2.7
Spellcasting   | 1 |  1.6
Dodging        | |  1.7
Unarmed Combat | |  2.6
Shapeshifting  | |  3.4

Action                     || total
---------------------------++-------
  Melee: Unarmed           ||    69
    Use: Potion            ||     1
 Armour: Animal skin       ||    37
  Dodge: Dodged            ||    25

Table legend: (Time is in decaauts)
 A = Elapsed time spent in this place.
 B = Non-inter-level travel time spent in this place.
 C = Inter-level travel time spent in this place.
 D = Time resting spent in this place.
 E = Time spent auto-exploring this place.
 F = Levels seen in this place.
 G = Mean time per level.
                   A        B        C        D        E       F      G
               +--------+--------+--------+--------+--------+-----+--------+
         Total |   1109 |   1073 |     36 |     23 |    747 |   2 |  554.5 |
       Dungeon |   1109 |   1073 |     36 |     23 |    747 |   2 |  554.5 |
               +--------+--------+--------+--------+--------+-----+--------+

Top non-repeatable levels by time:
     D:1: 776 daAuts
     D:2: 333 daAuts
